Map: Cactus Valley LE (Void)

Players

Warren

  • Race: Zerg Zerg
  • Spawn Location: 1:00

FeaR - Winner!

  • Race: Protoss Protoss
  • Spawn Location: 11:00

Event: WCS Austin 2017

VOD

Have the link to the VOD?

Description

Time

  • Played on: April 28, 2017, 1:48 p.m.
  • Length: 19:20

All games in this series

Show
View Real Time Build Order
Export as new Build Order

Warren Zerg 

Build Orders: Hatch First, Lurkers 

Get SALT Encoding   

  12  0:00  Drone  
  13  0:12  Overlord  
  13  0:17  Drone  
  14  0:31  Drone x2  
  16  0:50  Hatchery  
  16  0:52  Drone  
  16  0:55  Drone  
  17  0:59  Drone  
  18  1:06  Extractor  
  17  1:15  Spawning Pool  
  17  1:18  Drone  
  17  1:20  Drone  
  18  1:28  Drone  
  19  1:41  Overlord  
  19  1:50  Drone  
  20  2:00  Drone  
  21  2:02  Zergling x2  
  21  2:04  Queen x2  
  26  2:08  Metabolic Boost  
  26  2:12  Drone  
  26  2:15  Drone  
  29  2:22  Drone  
  29  2:30  Drone  
  29  2:33  Drone  
  31  2:37  Hatchery  
  31  2:43  Queen  
  32  2:54  Drone, Overlord  
  32  2:56  Drone x2  
  35  3:02  Drone  
  36  3:11  Overlord  
  35  3:13  Overlord  
  35  3:23  Overlord  
  35  3:26  Drone, Evolution Chamber  
  35  3:28  Queen  
  35  3:29  Drone x3  
  35  3:30  Drone  
  41  3:36  Drone x2  
  43  3:42  Drone  
  43  3:43  Drone  
  43  3:46  Drone x4  
  49  3:53  Queen  
  51  3:58  Extractor  
  51  3:59  Zerg Melee Weapons Level 1  
  50  4:06  Drone  
  50  4:07  Drone x2, Roach Warren  
  52  4:10  Zergling x2  
  52  4:11  Zergling x4  
  52  4:12  Zergling x2  
  52  4:14  Zergling x2  
  57  4:18  Drone  
  57  4:20  Spore Crawler  
  57  4:21  Spore Crawler  
  56  4:24  Spore Crawler  
  56  4:26  Zergling x4  
  57  4:33  Drone  
  57  4:35  Lair  
  58  4:40  Zergling x2  
  58  4:41  Zergling x8  
  63  4:49  Roach  
  63  4:50  Overlord  
  63  4:51  Overlord  
  65  5:04  Overlord x2  
  65  5:06  Extractor  
  64  5:14  Roach x3  
  64  5:15  Roach x2  
  64  5:16  Drone x5  
  79  5:21  Baneling Nest  
  79  5:22  Roach  
  80  5:35  Glial Reconstitution  
  80  5:41  Overseer  
  80  5:46  Roach  
  80  5:47  Roach  
  74  5:59  Extractor  
  71  6:06  Roach  
  71  6:07  Roach x2  
  71  6:08  Zergling x2  
  71  6:09  Zergling x24  
  89  6:22  Zergling x4  
  89  6:23  Zergling x8  
  94  6:33  Overlord x2, Centrifical Hooks  
  94  6:34  Overlord  
  94  6:35  Baneling x3  
  94  6:36  Baneling  
  94  6:39  Baneling  
  94  6:40  Baneling  
  94  6:45  Zergling x8  
  98  6:48  Baneling x3  
  98  6:49  Baneling  
  98  6:53  Zergling x4  
  100  7:07  Roach x5  
  110  7:09  Ravager  
  110  7:11  Zergling x4  
  111  7:26  Drone  
  111  7:27  Drone x4  
  111  7:28  Zergling x2  
  111  7:29  Zergling x6  
  116  7:39  Drone x3  
  116  7:40  Drone x2  
  121  7:45  Ravager  
  122  7:57  Overlord  
  122  7:58  Overlord  
  118  8:11  Ravager x4  
  121  8:17  Drone  
  121  8:18  Drone x14  
  103  8:51  Zergling x14  
  103  8:52  Zergling x18  
  101  9:00  Zerg Missile Weapons Level 1  
  96  9:08  Zergling x10  
  96  9:18  Ravager x3  
  96  9:20  Baneling x4  
  96  9:21  Baneling x4  
  96  9:22  Baneling x2  
  96  9:23  Baneling x3  
  96  9:24  Baneling  
  99  9:29  Zergling x22  
  110  9:35  Hydralisk Den  
  108  9:43  Baneling x10  
  109  9:45  Zergling x2  
  109  9:46  Zergling x2  
  109  9:52  Drone x4  
  113  10:06  Lurker Den  
  113  10:20  Zergling x2  
  113  10:21  Zergling x26  
  122  10:28  Roach x2  
  122  10:29  Roach  
  122  10:32  Extractor  
  125  10:41  Baneling x6  
  125  10:42  Baneling x17  
  122  11:07  Zergling x24  
  122  11:08  Zergling x6  
  122  11:10  Baneling x2  
  122  11:11  Baneling x7  
  135  11:32  Overlord x2  
  135  11:33  Overlord x3  
  135  11:35  Extractor  
  134  11:51  Hydralisk x4  
  134  11:52  Hydralisk x4  
  136  12:19  Lurker x4, Hatchery  
  136  12:20  Lurker x2  
  120  12:30  Zergling x18  
  120  12:31  Zergling x2  
  120  12:34  Lurker  
  131  12:43  Lurker  
  131  12:54  Muscular Augments  
  131  13:05  Ravager  
  131  13:06  Ravager  
  133  13:18  Drone x6  
  133  13:19  Drone x2  
  141  13:27  Infestation Pit  
  141  13:32  Hatchery  
  135  13:37  Roach x8  
  151  13:46  Hatchery  
  150  13:49  Zergling x12  
  143  14:11  Hydralisk x7  
  155  14:19  Burrow  
  155  14:21  Drone x3  
  154  14:50  Spore Crawler  
  154  14:52  Overlord x3  
  153  14:53  Hydralisk x2  
  153  14:54  Hatchery  
  153  14:55  Lurker  
  153  14:57  Lurker  
  157  15:20  Baneling x6  
  157  15:21  Baneling x4  
  153  15:23  Hatchery  
  148  15:35  Overseer  
  148  15:41  Hive  
  145  15:50  Hatchery  
  145  15:55  Zergling x2  
  145  15:56  Zergling x10  
  150  16:09  Zergling x2  
  151  16:11  Overseer  
  151  16:16  Zerg Missile Weapons Level 2, Spire  
  143  16:36  Zergling x14  
  143  16:37  Zergling x8  
  152  16:59  Zergling x16  
  141  17:32  Hydralisk  
  141  17:33  Hydralisk x5  
  141  17:35  Viper x2  
  154  17:45  Baneling x2  
  154  17:46  Baneling x9  
  150  18:14  Zergling x20  
  149  18:28  Zergling x6, Hydralisk  
  149  18:29  Zergling x8  
  131  18:54  Zergling x2  
  131  18:55  Zergling x20  
Show
View Real Time Build Order
Export as new Build Order

FeaR Protoss - Winner!

Build Orders: 1 Gate Expand, Zealot Archon, Dark Templar Rush 

Get SALT Encoding   

  12  0:00  Probe (Chrono Boost)  
  13  0:11  Probe (Chrono Boost)  
  14  0:19  Pylon  
  14  0:22  Probe (Chrono Boost)  
  15  0:38  Probe (Chrono Boost)  
  15  0:42  Gateway  
  16  0:48  Probe (Chrono Boost)  
  17  0:52  Assimilator  
  17  0:59  Probe (Chrono Boost)  
  18  1:09  Probe (Chrono Boost)  
  19  1:25  Nexus  
  19  1:27  Probe (Chrono Boost)  
  20  1:37  Cybernetics Core  
  20  1:41  Probe (Chrono Boost)  
  20  1:45  Assimilator  
  21  1:51  Probe (Chrono Boost)  
  22  1:56  Pylon  
  22  2:02  Probe (Chrono Boost)  
  23  2:10  Stalker  
  23  2:14  Warp Gate  
  26  2:16  Probe (Chrono Boost)  
  26  2:28  Probe (Chrono Boost)  
  26  2:29  Twilight Council  
  27  2:37  Adept  
  27  2:39  Probe (Chrono Boost)  
  27  2:40  Probe (Chrono Boost)  
  31  2:50  Probe (Chrono Boost)  
  33  2:52  Probe (Chrono Boost)  
  33  3:00  Probe (Chrono Boost)  
  33  3:04  Probe (Chrono Boost)  
  35  3:10  Robotics Facility  
  35  3:11  Probe (Chrono Boost)  
  36  3:15  Probe (Chrono Boost)  
  37  3:21  Probe (Chrono Boost)  
  37  3:25  Probe (Chrono Boost)  
  37  3:26  Gateway  
  39  3:32  Probe (Chrono Boost)  
  40  3:36  Probe (Chrono Boost), Gateway  
  40  3:38  Gateway  
  41  3:42  Probe (Chrono Boost)  
  41  3:44  Pylon  
  41  3:46  Probe (Chrono Boost)  
  41  3:47  Resonating Glaives  
  43  3:50  Dark Shrine  
  43  3:53  Probe (Chrono Boost)  
  44  3:58  Probe (Chrono Boost)  
  44  3:59  Warp Prism  
  45  4:06  Probe (Chrono Boost)  
  49  4:10  Probe (Chrono Boost)  
  49  4:11  Assimilator  
  49  4:15  Assimilator  
  49  4:19  Probe (Chrono Boost)  
  49  4:20  Pylon  
  49  4:21  Adept  
  49  4:24  Pylon  
  52  4:31  Adept  
  54  4:35  Warp Prism  
  54  4:39  Adept  
  58  4:52  Pylon  
  58  5:03  Dark Templar x3  
  58  5:04  Dark Templar  
  66  5:07  Pylon  
  66  5:09  Pylon  
  66  5:11  Immortal  
  66  5:19  Pylon  
  70  5:26  Pylon  
  70  5:45  Immortal, Adept x2  
  70  5:47  Adept x2  
  77  5:51  Probe (Chrono Boost)  
  77  5:54  Pylon  
  77  5:55  Pylon  
  77  6:00  Probe (Chrono Boost)  
  77  6:03  Probe (Chrono Boost)  
  71  6:09  Sentry x2  
  71  6:10  Sentry x2  
  71  6:11  Archon x2  
  77  6:22  Observer  
  78  6:30  Probe x2 (Chrono Boost), Nexus  
  78  6:32  Pylon  
  80  6:33  Sentry x2  
  80  6:37  Adept  
  80  6:38  Adept  
  88  6:42  Probe (Chrono Boost)  
  88  6:45  Probe (Chrono Boost)  
  91  6:54  Probe (Chrono Boost)  
  91  6:55  Gateway  
  91  6:56  Gateway  
  91  6:58  Probe (Chrono Boost), Adept x3  
  91  7:00  Adept  
  101  7:09  Probe (Chrono Boost)  
  101  7:11  Probe (Chrono Boost)  
  101  7:12  Immortal  
  102  7:21  Probe (Chrono Boost)  
  108  7:23  Probe (Chrono Boost)  
  106  7:32  Adept  
  106  7:33  Adept  
  106  7:35  Mothership Core (Chrono Boost)  
  112  7:39  Adept  
  112  7:40  Adept  
  112  7:43  Pylon  
  117  7:44  Probe (Chrono Boost)  
  117  7:46  Immortal  
  117  7:48  Probe (Chrono Boost)  
  118  7:53  Sentry x2  
  118  7:54  Adept x2  
  118  7:55  Probe (Chrono Boost)  
  118  7:57  Probe (Chrono Boost)  
  132  8:09  Probe (Chrono Boost), Gateway  
  132  8:12  Gateway  
  133  8:13  Forge, Adept  
  133  8:14  Pylon  
  133  8:19  Adept x2  
  140  8:20  Probe (Chrono Boost)  
  140  8:32  Adept x3  
  146  8:36  Adept  
  144  8:43  Adept x2  
  128  8:51  Immortal  
  128  8:54  Adept  
  128  8:55  Adept x2  
  120  9:00  Probe (Chrono Boost)  
  120  9:02  Assimilator  
  125  9:03  Charge  
  125  9:06  Assimilator  
  125  9:07  Adept  
  125  9:08  Adept  
  129  9:12  Probe (Chrono Boost)  
  129  9:15  Probe (Chrono Boost)  
  129  9:16  Probe (Chrono Boost)  
  128  9:17  Protoss Ground Weapons Level 1  
  128  9:23  Adept x5  
  137  9:25  Zealot  
  137  9:28  Immortal  
  138  9:36  Zealot  
  144  9:45  Zealot x7  
  150  9:49  Pylon  
  158  10:02  Immortal  
  158  10:06  Dark Templar x2  
  162  10:07  Zealot x3  
  162  10:11  Pylon  
  162  10:12  Archon  
  156  10:24  Zealot x3  
  162  10:28  Pylon  
  162  10:30  Templar Archives  
  162  10:38  Dark Templar x2  
  166  10:50  Nexus  
  166  10:53  Archon  
  166  10:54  Zealot x6  
  174  11:16  Dark Templar x2  
  174  11:17  Dark Templar x2  
  180  11:21  Archon  
  180  11:22  Archon  
  180  11:24  Dark Templar  
  180  11:25  Dark Templar  
  183  11:28  Archon  
  183  11:30  Immortal  
  183  11:31  Pylon  
  183  11:33  Pylon  
  187  11:51  Psionic Storm, Zealot x5  
  187  11:52  Zealot  
  198  11:57  Pylon  
  198  11:59  Pylon  
  198  12:01  Pylon  
  196  12:03  Protoss Ground Weapons Level 2  
  196  12:10  Probe x2 (Chrono Boost)  
  196  12:20  Probe (Chrono Boost)  
  196  12:22  Probe x2 (Chrono Boost)  
  185  12:31  High Templar x3  
  185  12:32  High Templar  
  185  12:36  Photon Cannon  
  193  12:38  Photon Cannon  
  193  12:40  Photon Cannon  
  193  12:44  Immortal  
  193  12:45  High Templar  
  189  12:57  High Templar x2  
  193  13:02  Photon Cannon  
  193  13:04  Photon Cannon  
  193  13:05  Photon Cannon  
  186  13:13  Assimilator, Probe (Chrono Boost)  
  186  13:15  Probe (Chrono Boost)  
  186  13:16  Assimilator  
  187  13:23  Immortal  
  187  13:25  Stargate  
  191  13:28  High Templar  
  191  13:29  Zealot x2  
  191  13:31  Zealot  
  199  13:50  Pylon  
  199  13:51  Pylon  
  199  14:00  Zealot x4  
  190  14:02  Observer  
  190  14:08  Probe (Chrono Boost)  
  189  14:27  Dark Templar x2  
  185  14:33  Zealot x2  
  185  14:34  Zealot x2  
  189  14:43  Observer  
  189  14:45  Oracle  
  191  14:52  Fleet Beacon  
  191  14:54  Protoss Ground Weapons Level 3  
  191  14:55  Stargate  
  191  14:56  Stargate  
  191  15:12  Immortal  
  189  15:39  Tempest  
  181  15:50  Tempest x2  
  181  16:22  Tempest  
  181  16:23  Nexus  
  181  16:24  Pylon  
  179  16:38  Tempest x2  
  187  16:42  Zealot x6  
  199  17:00  Stargate  
  196  17:11  Zealot  
  174  17:28  Tempest x2  
  164  17:43  Oracle  
  165  17:50  Pylon  
  165  17:53  High Templar  
  165  17:55  High Templar  
  139  18:57  Archon x3  
  139  19:01  Zealot x4  
  139  19:02  Zealot x2  
Tags
 
Add a new tag
Caveats
  • Supply blocks, unpowered buildings, or Contaminate may cause inaccurate times.
  • Supply counts are checked every 10 seconds.